Map: Eastwatch LE

Players

Thanatos - Winner!

  • Race: Zerg Zerg
  • League: Platinum
  • Spawn Location: 7:00

axu

  • Race: Protoss Protoss
  • League: Platinum
  • Spawn Location: 1:00

VOD

Have the link to the VOD?

Description

Time

  • Played on: April 2, 2018, 12:12 p.m.
  • Length: 13:46
Show
View Real Time Build Order
Export as new Build Order

Thanatos Zerg - Winner!

Build Orders: Pool First 

Get SALT Encoding   

  12  0:01  Drone  
  13  0:14  Overlord  
  13  0:21  Drone, Extractor  
  14  0:33  Drone  
  14  0:34  Drone  
  16  0:38  Drone  
  17  0:45  Extractor  
  17  0:49  Drone  
  17  0:52  Spawning Pool  
  16  0:58  Drone  
  17  1:15  Drone  
  18  1:25  Hatchery  
  17  1:26  Drone  
  17  1:31  Drone  
  19  1:39  Queen  
  19  1:44  Zergling x2  
  22  1:57  Overlord  
  22  1:59  Metabolic Boost  
  22  2:19  Drone  
  22  2:20  Drone  
  24  2:27  Overlord  
  24  2:36  Queen  
  24  2:39  Drone x2  
  28  2:49  Drone x3  
  28  2:50  Drone x2  
  33  2:58  Overlord  
  33  3:09  Zergling x4  
  35  3:18  Drone  
  35  3:19  Drone x2  
  38  3:23  Drone  
  38  3:24  Hatchery, Drone  
  38  3:26  Drone  
  40  3:40  Zergling x4  
  42  3:43  Extractor  
  41  3:48  Drone x2  
  41  3:53  Drone x3, Extractor  
  43  4:01  Zergling x4  
  44  4:09  Zergling x4  
  45  4:16  Zergling x2  
  46  4:22  Lair  
  46  4:26  Roach Warren  
  46  4:27  Drone x6  
  46  4:28  Drone  
  46  4:30  Evolution Chamber  
  51  4:31  Evolution Chamber  
  50  4:39  Drone x3  
  50  4:40  Queen  
  55  4:50  Drone x3  
  58  4:58  Zerg Ground Armor Level 1, Zerg Missile Weapons Level 1  
  58  5:19  Overlord x3  
  58  5:20  Overlord  
  58  5:27  Spore Crawler  
  57  5:30  Spore Crawler  
  57  5:31  Drone x2  
  58  5:36  Spore Crawler, Drone  
  58  5:37  Drone x3, Extractor  
  58  5:38  Drone x5  
  58  5:39  Drone  
  66  5:42  Glial Reconstitution  
  66  5:55  Overseer  
  66  6:00  Roach x5  
  66  6:01  Roach x2  
  80  6:08  Hydralisk Den  
  80  6:09  Drone x3  
  84  6:25  Roach  
  84  6:26  Overlord x3, Roach x3  
  90  6:44  Queen, Hydralisk x2  
  90  6:45  Hydralisk x5  
  106  7:02  Hydralisk  
  106  7:03  Hydralisk x3  
  106  7:04  Overlord x3  
  113  7:13  Muscular Augments  
  113  7:18  Overlord, Drone  
  112  7:41  Hydralisk x4  
  112  7:42  Hydralisk x4  
  126  7:56  Hydralisk x5  
  126  7:57  Hydralisk x2  
  140  7:58  Overlord x2  
  140  8:07  Overlord x3, Extractor  
  140  8:08  Extractor  
  138  8:26  Hydralisk  
  138  8:27  Hydralisk x6  
  152  8:37  Drone  
  152  8:38  Drone x6  
  159  8:44  Roach x2  
  159  8:46  Ravager  
  159  8:47  Ravager  
  165  8:49  Ravager  
  165  8:53  Ravager  
  166  8:56  Roach x2  
  166  8:57  Roach  
  172  9:09  Roach  
  178  9:10  Roach x5  
  178  9:11  Overlord  
  184  9:35  Hatchery  
  184  9:38  Hatchery  
  163  9:57  Roach  
  163  9:58  Roach x10  
  169  10:07  Roach  
  169  10:09  Zerg Missile Weapons Level 2  
  169  10:10  Zerg Ground Armor Level 2  
  171  10:15  Grooved Spines  
  171  10:33  Roach x8  
  138  11:02  Hydralisk x6  
  138  11:03  Roach  
  138  11:04  Roach x6  
  132  11:22  Roach x6  
  132  11:23  Roach x4  
  142  11:38  Hydralisk x4  
  142  11:39  Hydralisk x2  
  152  11:44  Drone  
  152  11:45  Drone x3  
  145  12:02  Hydralisk  
  145  12:03  Hydralisk x7  
  145  12:04  Hydralisk  
  145  12:08  Queen  
  165  12:09  Drone  
  166  12:28  Extractor  
  165  12:30  Extractor  
  164  12:42  Roach x4  
  164  12:43  Roach x5, Hydralisk x4  
  180  13:00  Ravager x3  
  180  13:01  Ravager  
  180  13:03  Hydralisk x2  
  188  13:10  Drone x6  
Show
View Real Time Build Order
Export as new Build Order

axu Protoss 

Build Orders: 1 Gate Expand 

Get SALT Encoding   

  12  0:01  Probe  
  13  0:13  Probe  
  14  0:26  Pylon  
  14  0:28  Probe  
  15  0:44  Probe  
  15  0:48  Gateway  
  16  0:56  Probe (Chrono Boost)  
  17  0:57  Assimilator  
  17  1:08  Probe (Chrono Boost)  
  18  1:16  Probe (Chrono Boost)  
  19  1:30  Probe  
  20  1:40  Nexus  
  20  1:43  Cybernetics Core  
  20  1:54  Pylon  
  20  2:00  Gateway  
  20  2:08  Probe  
  21  2:11  Assimilator  
  21  2:19  Adept (Chrono Boost)  
  21  2:22  Shield Battery  
  23  2:32  Probe  
  23  2:45  Probe  
  23  2:47  Adept  
  23  2:48  Adept  
  28  2:57  Probe (Chrono Boost)  
  30  2:58  Probe (Chrono Boost)  
  31  3:07  Probe (Chrono Boost)  
  31  3:08  Probe (Chrono Boost)  
  31  3:09  Robotics Facility  
  32  3:15  Adept  
  32  3:18  Adept  
  36  3:23  Probe x2  
  38  3:40  Warp Gate (Chrono Boost)  
  38  3:41  Probe x2  
  40  3:48  Adept x2  
  44  3:53  Probe x2  
  46  4:16  Probe x2  
  46  4:25  Pylon  
  46  4:28  Pylon  
  46  4:32  Pylon  
  46  4:43  Assimilator, Observer, Probe x2  
  49  4:45  Assimilator  
  49  4:53  Gateway  
  49  4:54  Gateway  
  49  4:55  Probe x2  
  49  4:58  Gateway  
  49  4:59  Gateway  
  51  5:02  Pylon  
  51  5:07  Probe x2  
  53  5:19  Probe x2  
  55  5:28  Immortal (Chrono Boost)  
  55  5:31  Probe x2  
  60  6:08  Twilight Council  
  60  6:13  Nexus  
  60  6:16  Pylon  
  60  6:18  Adept x2, Pylon  
  60  6:19  Adept x4  
  72  6:29  Immortal (Chrono Boost)  
  76  6:46  Sentry  
  78  6:47  Sentry x2  
  82  6:54  Probe x2  
  82  6:56  Templar Archives  
  84  7:06  Probe x2  
  84  7:07  Immortal  
  90  7:18  Probe  
  90  7:19  Shield Battery  
  91  7:23  Shield Battery  
  91  7:24  Shield Battery  
  90  7:39  Shield Battery  
  90  7:45  Gateway  
  90  7:46  Gateway  
  90  7:49  Gateway  
  90  7:54  Pylon  
  90  7:57  Pylon  
  90  8:00  Sentry x3  
  90  8:01  Immortal  
  100  8:11  Charge (Chrono Boost)  
  100  8:12  Zealot  
  102  8:18  High Templar x2  
  106  8:23  Probe x3  
  106  8:24  Psionic Storm  
  109  8:33  High Templar x3  
  115  8:35  Probe x2  
  115  8:39  Immortal (Chrono Boost)  
  121  8:42  High Templar  
  123  8:56  Archon  
  123  9:08  Zealot  
  125  9:15  Pylon  
  125  9:17  Pylon  
  125  9:19  Assimilator  
  125  9:20  Pylon  
  125  9:21  Assimilator  
  125  9:26  Forge x2  
  125  9:33  Probe x3  
  128  9:38  High Templar x3  
  128  9:39  High Templar  
  128  9:40  Zealot  
  128  9:41  Zealot x4  
  128  9:43  Archon  
  142  9:46  Probe x3  
  127  9:58  Probe x2  
  123  10:03  Zealot  
  123  10:04  Zealot x4  
  133  10:07  Immortal (Chrono Boost)  
  137  10:15  Protoss Ground Armor Level 1 (Chrono Boost), Protoss Ground Weapons Level 1 (Chrono Boost)  
  137  10:22  Zealot  
  139  10:31  Gateway x2  
  139  10:36  Gateway  
  139  10:37  Gateway  
  139  10:39  Immortal  
  123  10:55  Zealot  
  123  10:56  Zealot x4  
  81  11:12  Zealot  
  71  11:19  Zealot x5  
  73  11:27  Immortal  
  64  11:33  Zealot  
  57  11:44  Probe x2  
  57  11:45  Probe  
  57  11:46  Zealot x2  
  57  11:47  Zealot x3  
  58  11:56  Probe x2  
  58  11:57  Zealot x2  
  58  11:58  Zealot x2  
  59  12:05  Immortal (Chrono Boost)  
  59  12:07  High Templar x2  
  59  12:08  High Templar x4, Probe  
  71  12:12  Archon x2  
  71  12:13  Archon  
  73  12:22  Zealot  
  73  12:23  Zealot x3  
  47  12:46  High Templar x3  
  47  12:47  High Templar x2  
  47  12:50  Zealot x3  
  63  12:58  Zealot x2  
  66  13:16  Zealot  
  66  13:17  Zealot x2  
  50  13:32  Zealot x7  
Tags
 
Add a new tag
Caveats
  • Supply blocks, unpowered buildings, or Contaminate may cause inaccurate times.
  • Supply counts are checked every 10 seconds.